Map: 光影交错-天梯版

Players

TIME (Oliveira)

  • Race: Terran Terran
  • League: Grandmaster

cyan - Winner!

  • Race: Protoss Protoss
  • League: Grandmaster

Event: DreamHack SC2 Masters 2021 Winter

VOD

Have the link to the VOD?

Description

Time

  • Played on: Oct. 10, 2021, 10:20 a.m.
  • Length: 17:11

All games in this series

Show
View Real Time Build Order
Export as new Build Order

TIME Terran 

Build Orders: Reaper Expand 

Get SALT Encoding   

  12  0:00  SCV  
  13  0:12  SCV  
  14  0:17  Supply Depot  
  14  0:24  SCV  
  15  0:38  SCV  
  15  0:40  Barracks  
  16  0:44  Refinery  
  16  0:50  SCV  
  17  1:03  SCV  
  18  1:15  SCV  
  19  1:27  Reaper, Orbital Command  
  20  1:39  Command Center  
  20  1:50  Supply Depot  
  20  1:52  SCV  
  21  1:59  Marine  
  22  2:05  SCV  
  23  2:10  Factory  
  23  2:18  SCV  
  23  2:19  Bunker  
  23  2:22  Barracks Reactor  
  24  2:26  Refinery  
  24  2:30  SCV  
  24  2:37  Barracks  
  25  2:42  SCV  
  26  2:53  Widow Mine  
  26  2:54  SCV, Orbital Command  
  29  2:58  Marine x2  
  29  2:59  Orbital Command  
  31  3:06  SCV  
  31  3:09  Barracks  
  32  3:15  Factory Tech Lab  
  32  3:19  SCV  
  33  3:21  Marine x2  
  33  3:25  SCV  
  36  3:29  Barracks Tech Lab  
  36  3:33  Siege Tank  
  40  3:34  SCV  
  40  3:38  Supply Depot, SCV  
  41  3:43  Marine x2  
  43  3:51  SCV  
  43  3:52  Stimpack, Marine  
  43  3:54  SCV  
  44  3:58  Marine  
  44  4:01  Marine  
  46  4:07  Siege Tank  
  46  4:09  SCV x2  
  51  4:21  SCV x2, Marine  
  54  4:29  Supply Depot  
  54  4:31  Engineering Bay, Marine  
  55  4:33  SCV x2  
  57  4:39  Marine  
  57  4:45  Marauder, SCV  
  60  4:46  SCV  
  60  4:49  Refinery  
  60  4:50  Combat Shield, Marine  
  63  4:54  Supply Depot  
  63  4:58  Terran Infantry Weapons Level 1  
  63  4:59  SCV  
  64  5:03  SCV  
  65  5:07  Missile Turret  
  65  5:10  Starport  
  65  5:12  Marine x2  
  67  5:15  SCV  
  67  5:17  SCV  
  67  5:19  Marauder  
  71  5:22  Factory Reactor  
  71  5:24  Marine  
  71  5:27  SCV  
  73  5:30  Supply Depot  
  73  5:31  SCV  
  73  5:32  Marine  
  73  5:34  Marine  
  75  5:35  Concussive Shells  
  75  5:42  Marauder  
  77  5:43  SCV, Refinery  
  77  5:48  Supply Depot  
  78  5:51  SCV  
  78  5:52  Marauder, Supply Depot  
  78  5:56  SCV  
  82  5:59  Supply Depot  
  82  6:00  Medivac  
  82  6:01  Medivac  
  86  6:05  Factory Reactor  
  86  6:09  Marine x2  
  86  6:10  Marauder  
  90  6:26  Command Center  
  90  6:27  Marine  
  90  6:29  Marauder  
  90  6:30  Medivac, Marine  
  90  6:31  Medivac  
  97  6:38  SCV x2  
  99  6:41  Supply Depot  
  99  6:43  Marauder  
  99  6:45  Widow Mine  
  103  6:50  Marine  
  103  6:51  Marauder  
  103  6:52  Terran Infantry Armor Level 1  
  103  6:53  Widow Mine  
  108  7:05  Medivac x2  
  111  7:15  Marauder, Marine  
  106  7:17  Marauder, Marine  
  106  7:19  Widow Mine x2  
  111  7:23  SCV  
  111  7:24  Supply Depot  
  103  7:32  Marine  
  103  7:34  Marine  
  92  7:37  Marauder  
  92  7:38  Medivac x2, Marine  
  95  7:45  Widow Mine x2  
  95  7:49  Barracks x2  
  95  7:50  SCV, Marine  
  101  7:54  Orbital Command  
  101  7:57  Marine  
  101  7:58  Marauder, SCV  
  104  8:11  Marine x2  
  106  8:14  Viking x2  
  106  8:19  Orbital Command  
  110  8:23  Marine  
  110  8:24  Marine  
  111  8:27  Ghost Academy  
  111  8:28  SCV x2  
  111  8:29  Marauder, Marine  
  116  8:40  Barracks Reactor, Barracks Tech Lab  
  116  8:41  Marine  
  117  8:42  SCV x2  
  117  8:44  Supply Depot, SCV  
  117  8:45  Missile Turret  
  117  8:46  Widow Mine x2  
  124  8:49  Viking x2  
  124  8:54  SCV x2  
  132  8:56  SCV  
  132  8:57  Marine  
  132  9:01  Supply Depot x2  
  132  9:04  Ghost x2  
  132  9:06  Ghost  
  132  9:08  SCV x2  
  140  9:10  Marine  
  141  9:18  Command Center  
  141  9:20  SCV  
  141  9:23  Refinery  
  140  9:25  Refinery  
  140  9:27  Marine x3  
  141  9:36  Marauder x2, Marine x2  
  146  9:39  Widow Mine x2  
  146  9:45  Medivac x2, Marine x3  
  157  9:54  Marauder, Enhanced Shockwaves  
  157  9:56  Engineering Bay, Armory  
  157  9:59  Supply Depot  
  159  10:00  Supply Depot  
  159  10:05  Sensor Tower  
  159  10:06  Marauder x2  
  163  10:13  Widow Mine  
  165  10:18  Supply Depot  
  165  10:19  Supply Depot  
  165  10:21  Widow Mine, SCV  
  168  10:27  Viking x2  
  172  10:30  Marauder x2  
  172  10:33  SCV  
  177  10:36  SCV  
  177  10:38  Bunker  
  177  10:42  Marauder  
  178  10:52  Marauder  
  178  10:53  Marine x2  
  178  10:54  Marauder  
  182  11:08  Marauder, Terran Infantry Weapons Level 2, Terran Infantry Armor Level 2  
  182  11:12  Ghost  
  182  11:14  Marine x2  
  186  11:20  SCV  
  186  11:21  SCV, Planetary Fortress  
  188  11:34  Marauder  
  188  11:35  SCV  
  188  11:39  Barracks x2  
  191  11:40  Barracks  
  191  11:43  Marauder  
  193  11:49  Marine x2  
  193  11:50  Marauder  
  197  12:02  Marauder, Marine  
  200  12:14  SCV x2  
  198  12:19  Viking x2  
  198  12:20  SCV  
  198  12:22  Marauder  
  197  12:28  Barracks Reactor, Barracks Tech Lab  
  197  12:29  Barracks Tech Lab  
  195  12:32  SCV  
  195  12:34  Command Center  
  195  12:36  Marauder  
  196  12:41  SCV x2  
  196  12:43  Terran Ship Weapons Level 1  
  198  12:57  Marine x2  
  188  13:23  Ghost x3  
  188  13:25  Viking x2  
  198  13:28  SCV x2  
  198  13:29  Terran Infantry Armor Level 3  
  198  13:31  Terran Infantry Weapons Level 3, Command Center  
  200  13:35  Missile Turret  
  187  13:54  Ghost  
  190  13:55  Marauder  
  190  13:56  Marauder, Marine  
  190  13:57  Viking x2  
  190  13:59  Marine x2  
  190  14:00  Marauder, SCV  
  200  14:17  Missile Turret  
  200  14:18  Missile Turret  
  178  14:45  Marauder  
  178  14:52  Marine x3  
  157  14:53  Marauder  
  157  14:54  Marine x2  
  157  14:55  Marauder  
  157  14:58  Ghost  
  157  14:59  Ghost  
  167  15:00  SCV x2  
  167  15:01  Orbital Command  
  167  15:02  Planetary Fortress  
  167  15:04  SCV  
  167  15:06  Marine  
  173  15:07  Marauder  
  173  15:09  Marine  
  173  15:10  SCV  
  175  15:15  Missile Turret, Medivac x2  
  175  15:16  Widow Mine x2  
  175  15:17  Ghost x2  
  175  15:18  Marine x2  
  185  15:22  Marine  
  185  15:24  Marine  
  187  15:29  Marine  
  188  15:37  Marine  
  184  15:45  Viking  
  184  15:46  SCV  
  184  15:49  SCV x2  
  185  15:52  Marine x3  
  185  15:53  Marauder x2  
  185  15:56  Marine  
  193  15:57  Marine x2  
  193  15:58  Marauder  
  193  16:00  Medivac  
  193  16:01  Marine  
  196  16:43  Marauder x2, Marine x3  
  196  16:46  Marauder, Marine x2  
  151  16:50  Marine  
Show
View Real Time Build Order
Export as new Build Order

cyan Protoss - Winner!

Build Orders: 1 Gate Expand, Blink Stalkers, Zealot Archon 

Get SALT Encoding   

  12  0:00  Probe  
  13  0:12  Probe  
  14  0:18  Pylon  
  14  0:24  Probe (Chrono Boost)  
  15  0:36  Gateway, Probe (Chrono Boost)  
  16  0:45  Probe (Chrono Boost)  
  16  0:46  Assimilator  
  17  0:51  Probe  
  18  1:03  Probe  
  19  1:15  Probe  
  20  1:23  Cybernetics Core  
  20  1:32  Nexus  
  20  1:38  Probe  
  21  1:42  Pylon  
  21  1:50  Probe  
  21  1:54  Assimilator  
  22  1:58  Adept (Chrono Boost)  
  22  2:00  Warp Gate (Chrono Boost)  
  24  2:02  Probe  
  25  2:14  Probe  
  26  2:18  Adept (Chrono Boost)  
  28  2:26  Probe  
  29  2:38  Probe  
  29  2:43  Adept  
  29  2:44  Probe  
  33  2:48  Gateway  
  33  2:50  Gateway  
  33  2:52  Probe  
  33  2:56  Probe  
  35  3:04  Probe, Pylon  
  36  3:08  Probe  
  36  3:11  Shield Battery  
  37  3:16  Probe  
  38  3:22  Twilight Council, Probe  
  39  3:28  Probe  
  39  3:34  Probe  
  41  3:40  Stalker, Probe  
  44  3:43  Adept  
  44  3:45  Adept  
  44  3:46  Probe  
  49  3:52  Blink (Chrono Boost), Probe  
  50  3:58  Probe  
  51  4:04  Probe  
  51  4:07  Robotics Facility  
  52  4:10  Probe  
  52  4:15  Assimilator  
  52  4:16  Probe  
  54  4:17  Assimilator  
  54  4:22  Probe  
  51  4:29  Stalker, Probe  
  54  4:32  Pylon  
  54  4:35  Pylon  
  54  4:46  Pylon  
  54  4:49  Nexus  
  54  4:50  Probe x2  
  54  4:51  Pylon  
  54  4:52  Stalker  
  58  4:56  Stalker, Observer  
  61  5:00  Stalker  
  61  5:02  Probe  
  64  5:10  Templar Archives  
  64  5:17  Probe, Forge  
  64  5:20  Observer  
  66  5:22  Pylon  
  66  5:27  Probe  
  66  5:31  Charge (Chrono Boost)  
  66  5:34  Gateway  
  66  5:37  Gateway  
  66  5:38  Gateway  
  66  5:42  Psionic Storm, Gateway  
  66  5:46  Observer, Gateway  
  66  5:54  High Templar  
  68  6:01  High Templar  
  68  6:02  Probe x3  
  68  6:03  Warp Prism  
  73  6:14  Probe x2  
  73  6:16  Protoss Ground Armor Level 1 (Chrono Boost)  
  73  6:17  High Templar  
  73  6:18  Shield Battery  
  79  6:21  Probe  
  79  6:26  Probe x2  
  81  6:33  Photon Cannon, Probe  
  81  6:35  Shield Battery  
  81  6:36  Pylon  
  82  6:43  Probe  
  83  6:48  High Templar  
  83  6:49  Zealot x4, Sentry  
  83  6:50  Probe  
  83  6:53  Shield Battery  
  96  6:57  Pylon  
  96  6:58  Probe  
  97  7:03  Zealot x2  
  97  7:06  Probe  
  96  7:15  Probe  
  96  7:18  Zealot x5  
  97  7:31  Archon  
  97  7:32  Zealot x3  
  99  7:40  Observer, Probe  
  99  7:41  Immortal, Probe  
  105  7:49  High Templar  
  105  7:50  High Templar x2  
  111  7:52  Probe  
  111  7:54  Assimilator, Probe  
  111  7:56  Nexus  
  111  7:57  Assimilator, Pylon  
  113  8:00  Pylon  
  113  8:01  Probe  
  106  8:18  Immortal (Chrono Boost)  
  104  8:27  Protoss Ground Armor Level 2 (Chrono Boost)  
  104  8:28  Probe  
  105  8:35  Probe  
  105  8:36  Gateway, Shield Battery  
  105  8:37  Gateway  
  105  8:38  Photon Cannon  
  105  8:40  Photon Cannon, Pylon  
  106  8:41  High Templar x2, Shield Battery  
  106  8:42  Zealot x3  
  116  8:50  Immortal (Chrono Boost)  
  116  8:52  Shield Battery  
  120  8:55  Photon Cannon  
  120  8:57  Zealot  
  120  9:00  Zealot  
  124  9:05  Observer  
  124  9:14  Zealot x4, High Templar x2  
  134  9:18  Archon  
  134  9:22  Zealot x2  
  138  9:30  Observer (Chrono Boost)  
  139  9:32  Probe  
  139  9:33  Probe x2  
  139  9:37  Stalker x5  
  139  9:38  Zealot  
  154  9:51  Probe  
  155  9:53  Assimilator  
  155  9:54  Robotics Bay  
  155  9:55  Robotics Facility  
  155  9:56  Zealot x4  
  155  9:57  Assimilator  
  155  9:59  Robotics Facility  
  163  10:01  Pylon  
  163  10:03  Pylon  
  163  10:06  Observer, Dark Shrine, Forge  
  164  10:08  Pylon  
  164  10:16  Pylon  
  164  10:22  High Templar x2  
  164  10:26  Nexus  
  168  10:28  Pylon  
  168  10:30  Observer  
  168  10:32  Extended Thermal Lance (Chrono Boost)  
  168  10:33  Colossus  
  168  10:34  Zealot  
  168  10:35  Zealot x5, Colossus  
  179  10:47  Protoss Ground Armor Level 3 (Chrono Boost)  
  191  10:59  Protoss Ground Weapons Level 1 (Chrono Boost)  
  190  11:14  Zealot x3  
  190  11:15  Zealot  
  196  11:25  Pylon  
  196  11:32  Shadow Stride (Chrono Boost)  
  194  11:38  Photon Cannon  
  194  11:41  Photon Cannon  
  194  11:42  Shield Battery  
  194  11:46  Gateway  
  194  11:52  Gateway  
  194  11:53  Gateway  
  194  11:55  Gateway  
  192  12:03  Gravitic Boosters (Chrono Boost)  
  191  12:10  Stalker x2  
  189  12:17  Nexus  
  189  12:19  Pylon  
  185  12:24  Colossus (Chrono Boost)  
  185  12:28  Colossus (Chrono Boost)  
  183  12:30  High Templar  
  183  12:32  Colossus (Chrono Boost)  
  182  12:45  Photon Cannon  
  182  12:47  Photon Cannon  
  182  12:48  Shield Battery  
  182  12:50  Pylon  
  182  12:55  Protoss Ground Weapons Level 2 (Chrono Boost)  
  182  12:56  Dark Templar x2  
  182  12:57  Dark Templar x4  
  194  12:59  Dark Templar  
  194  13:00  Gravitic Drive  
  190  13:30  Protoss Shields Level 1 (Chrono Boost), Assimilator  
  190  13:31  Assimilator  
  190  13:37  Zealot x5  
  197  13:44  Pylon  
  197  13:45  Zealot x5  
  182  13:58  Stalker x2  
  182  13:59  Stalker x3  
  191  14:10  Immortal  
  190  14:19  Stargate  
  190  14:22  Photon Cannon, Warp Prism  
  196  14:24  Photon Cannon  
  196  14:26  Photon Cannon, Stargate  
  196  14:34  Stalker x2  
  200  14:40  Archon  
  159  14:54  Stalker x2, High Templar x4  
  159  14:55  Stalker x2  
  175  15:00  Nexus  
  175  15:02  Pylon  
  175  15:06  Archon  
  175  15:08  Archon  
  175  15:11  High Templar  
  177  15:14  Immortal  
  181  15:22  Phoenix x2 (Chrono Boost)  
  181  15:26  Sentry x2  
  189  15:29  Dark Templar  
  191  15:49  High Templar x3  
  187  15:56  Archon  
  187  15:57  Archon, Dark Templar x2  
  187  15:58  Dark Templar x4  
  197  16:23  Zealot  
  188  16:37  Stalker x5  
  188  16:39  Nexus  
  186  16:41  Pylon  
  186  16:45  Zealot x3  
  186  16:46  Zealot x3  
  173  16:48  Archon  

Tags
 
Add a new tag
Caveats
  • Supply blocks, unpowered buildings, or Contaminate may cause inaccurate times.
  • Supply counts are checked every 10 seconds.